 Dungeon Crawl Stone Soup version 0.19.4-9-g45fd643 (webtiles) character file.

65 JeffiDaFish the Stinger (level 4, -3/24 HPs)
             Began as a Gargoyle Venom Mage on Feb 16, 2017.
             Killed by nerve-wracking pain
             ... invoked by Grinder
              (6 damage)
             ... on level 3 of the Dungeon.
             The game lasted 00:07:00 (1766 turns).

JeffiDaFish the Stinger (Gargoyle Venom Mage)       Turns: 1766, Time: 00:07:01

Health: -3/24      AC:  6    Str: 11 (12) XL:     4   Next: 13%
Magic:  7/7        EV: 12    Int: 15      God:
Gold:   123        SH:  0    Dex: 15 (16) Spells: 2 memorised, 3 levels left

rFire  . . .     SeeInvis .     a - +2 short sword
rCold  . . .     Gourm    .     f - +0 leather armour
rNeg   + . .     Faith    .     (no shield)
rPois  ∞         Spirit   .     (no helmet)
rElec  +         Reflect  .     (no cloak)
rCorr  .         Harm     .     (no gloves)
MR     .....                    (no boots)
Stlth  ++........               (no amulet)
                                (no ring)
                                h - +5 ring of dexterity

@: very slightly contaminated, hasted, very quick
A: negative energy resistance 1, electricity resistance, unbreathing,
petrification resistance, rot immunity, AC +3
a: no special abilities


You were on level 3 of the Dungeon.
You were not hungry.

You visited 1 branch of the dungeon, and saw 3 of its levels.

You collected 123 gold pieces.

Inventory:

Hand Weapons
 a - a +2 short sword (weapon)
Armour
 f - a +0 leather armour (worn)
Jewellery
 h - a +5 ring of dexterity (left hand)
Scrolls
 i - a scroll of amnesia
Potions
 e - a potion of haste
Books
 b - a Young Poisoner's Handbook

   Spells                             Type                      Level
   a - Sting                          Conjuration/Poison           1
   b - Mephitic Cloud                 Conjuration/Poison/Air       3
   c - Olgreb's Toxic Radiance        Poison                       4
   d - Alistair's Intoxication        Transmutation/Poison         5
   e - Venom Bolt                     Conjuration/Poison           5
Comestibles
 c - 3 bread rations
 d - a chunk of flesh
 g - a fruit


   Skills:
 + Level 1.1 Short Blades
 + Level 0.4 Armour
 + Level 1.8 Dodging
 + Level 2.3 Stealth
 + Level 2.2 Spellcasting
 + Level 0.9 Conjurations
 + Level 4.6 Poison Magic


You had 3 spell levels left.
You knew the following spells:

 Your Spells              Type           Power        Failure   Level  Hunger
a - Sting                 Conj/Pois      ##..         12%         1    #......
b - Mephitic Cloud        Conj/Pois/Air  #.......     47%         3    ###....


Dungeon Overview and Level Annotations

Branches:
Dungeon (3/15)

Altars:

Annotations:
D:3 Grinder


Innate Abilities, Weirdness & Mutations

You are resistant to torment.
Your stone body is resilient. (AC +3)
You are immune to poison.
You resist negative energy. (rN+)
You are resistant to electric shocks. (rElec)
You can survive without breathing.
You are immune to petrification.
You are immune to rotting.


Message History

Grinder hits you.
You closely miss Grinder.
Grinder is moderately wounded.
Grinder barely misses you.
You hit Grinder.
Grinder is heavily wounded.
Grinder hits you.
Some of the chunks of flesh in your inventory have rotted away.
You feel yourself speed up. Grinder hits you.
* * * LOW HITPOINT WARNING * * *
You writhe in agony.
* * * LOW HITPOINT WARNING * * *
You are very lightly contaminated with residual magic.
You closely miss Grinder.
Grinder is heavily wounded.
You hit Grinder.
Grinder is heavily wounded.
Grinder gestures at you. Pain shoots through your body!
You die...

....... #########'###
.........##...........##
..........++............#
#..........##............#
#..........##..5.........####.#
..........##..................#
................w........####..
...........###≈###.......#
..)........#.#≈#@#.......#
.........###.#≈#5###.....#
.............#≈#w.......##
..#+####.###.#≈#.###....#
#...#.#≈#.#....###
######.###≈###.####
................#
.#############.## .........#


You could see Grinder and a worm.

Vanquished Creatures
  2 adders (D:2)
  A worm (D:3)
  2 leopard geckos (D:1)
  2 giant cockroaches
  4 goblins
  3 hobgoblins (D:2)
  11 kobolds
  3 quokkas (D:2)
  2 ball pythons (D:2)
  3 bats
  4 frilled lizards
  4 rats
41 creatures vanquished.

Notes
Turn   | Place    | Note
-------+----------+-------------------------------------------
     0 | D:1      | JeffiDaFish the Gargoyle Venom Mage began the quest for the Orb.
     0 | D:1      | Reached XP level 1. HP: 10/10 MP: 3/3
   191 | D:1      | Reached XP level 2. HP: 13/15 MP: 1/5
  1016 | D:2      | Reached XP level 3. HP: 15/19 MP: 6/6
  1224 | D:2      | Reached skill level 1 in Short Blades
  1314 | D:2      | Reached XP level 4. HP: 22/24 MP: 5/7
  1720 | D:3      | Noticed Grinder
  1752 | D:3      | Learned a level 3 spell: Mephitic Cloud
  1766 | D:3      | Killed from afar by Grinder

Skill      XL: |  1  2  3 |
---------------+----------+-----
Short Blades   | 1 |  1.1
Armour         | |  0.4
Dodging        | |  1.8
Stealth        | |  2.3
Spellcasting   | |  2.2
Conjurations   | |  0.9
Poison Magic   | |  4.6

Action                   |  1- 3 |  4- 6 || total
-------------------------+-------+-------++-------
Melee: Dagger            |    25 |       ||    25
       Unarmed           |     2 |       ||     2
       Short sword       |    67 |    33 ||   100
 Cast: Sting             |    41 |    14 ||    55
  Use: Potion            |     8 |     1 ||     9
       Scroll            |     9 |       ||     9
 Stab: Sleeping          |     1 |       ||     1
  Eat: Chunk             |     3 |     1 ||     4
Armor: Robe              |    20 |       ||    20
       Leather armour    |    21 |     8 ||    29
Dodge: Dodged            |    78 |    17 ||    95
